 Dungeon Crawl Stone Soup version 0.29-a0-529-gfa20dd96a1 (webtiles) character file.

Game seed: 13256547207933011630

1264 Hubjo the Magician (level 8, -5/48 HPs)
             Began as a Deep Elf Fire Elementalist on June 1, 2022.
             Was a Follower of the Shining One.
             Splashed by a jelly's acid (9 damage)
             ... on level 6 of the Dungeon.
             The game lasted 00:12:16 (7850 turns).

Hubjo the Magician (Deep Elf Fire Elementalist)     Turns: 7850, Time: 00:12:16

Health: -5/48      AC: -2    Str:  3 (5)  XL:     8   Next: 27%
Magic:  10/19      EV: 12    Int: 22 (23) God:    the Shining One [*.....]
Gold:   335        SH:  0    Dex: 15      Spells: 10/20 levels left

rFire   + . .      SeeInvis .   (no weapon)
rCold   + . .      Faith    +   (no shield)
rNeg    . . .      Spirit   .   a - +0 robe
rPois   .          Reflect  .   (no helmet)
rElec   .          Harm     .   i - scarf {rC+ rF+}
rCorr   .          Rampage  .   (no gloves)
Will    .....                   (no boots)
Stlth   +.........              o - amulet of faith
HPRegen 0.16/turn               (no ring)
MPRegen 0.16/turn               (no ring)

@: corroded, glowing
A: no striking features
a: Renounce Religion, Divine Shield


You were on level 6 of the Dungeon.
You worshipped the Shining One.
The Shining One was aware of your devotion.
You visited 2 branches of the dungeon, and saw 7 of its levels.

You collected 350 gold pieces.
You donated 15 gold pieces to Zin.

Inventory:

Missiles
 s - a throwing net
Armour
 a - a +0 robe (worn)
 i - a scarf of resistance (worn)
Jewellery
 h - the amulet "Qeimn" {Reflect Int+3 Slay+3 SH+5}
   (You found it on level 6 of the Dungeon)

   [amulet of reflection]

   It reflects blocked missile attacks.
   Int:       It affects your intelligence (+3).
   Slay:      It affects your accuracy & damage with ranged weapons and melee
   (+3).
   SH:        It affects your SH (+5).
 o - an amulet of faith (around neck)
Wands
 k - a wand of charming (11)
Scrolls
 c - 3 scrolls of amnesia {unknown}
 e - 2 scrolls of teleportation
 f - 2 scrolls of fog
 m - a scroll of poison
 q - a scroll of brand weapon
Potions
 b - a potion of magic
 d - a potion of brilliance {unknown}
 g - a potion of degeneration
 p - a potion of haste {unknown}
 r - a potion of might {unknown}


   Skills:
 + Level 3.9 Fighting
 - Level 2.4 Dodging
 - Level 4.1 Stealth
 + Level 6.5 Spellcasting
 * Level 5.3 Conjurations
 + Level 6.4 Fire Magic


You had 10 spell levels left.
You knew the following spells:

 Your Spells              Type           Power      Damage    Failure   Level
a - Foxfire               Conj/Fire      100%       2x1d9     1%          1
b - Flame Wave            Conj/Fire      33%        2d8       8%          4
c - Fireball              Conj/Fire      16%        3d8       22%         5

Your spell library contained the following spells:

 Spells                   Type           Power      Damage    Failure   Level
 Scorch                   Fire           70%        2d9       1%          2
 Conjure Flame            Conj/Fire      33%        6-21      2%          3
 Shock                    Conj/Air       72%        1d7       3%          1
 Inner Flame              Hex/Fire       21%        N/A       7%          3
 Slow                     Hex            28%        N/A       9%          1
 Confusing Touch          Hex            7%         N/A       26%         3
 Swiftness                Air            7%         N/A       26%         3
 Vampiric Draining        Necr           7%         2d6       26%         3
 Iskenderun's Battlesphe  Conj           30%        2d8       26%         5
 Airstrike                Air            3%         N/A       65%         4
 Conjure Ball Lightning   Conj/Air       9%         3x3d6     99%         6
 Orb of Destruction       Conj           15%        9d7       100%        7


Dungeon Overview and Level Annotations

Branches:
Dungeon (6/15)             Temple (1/1) D:4

Altars:
Dithmenos
Elyvilon
Fedhas
Gozag
Hepliaklqana
Kikubaaqudgha
Nemelex Xobeh
Okawaru
Qazlal
Sif Muna
Trog
Uskayaw
Vehumet
Wu Jian
Xom
Yredelemnul
Zin
The Shining One


Message History

You conjure some foxfire!
The foxfire hits the jelly.
You kill the jelly!
The foxfire hits the jelly!
The jelly is heavily wounded.
Your foxfire dissipates!
The foxfire hits the jelly!
The jelly is almost dead.
The jelly hits you. The acid corrodes you!
You are splashed with acid!
The jelly misses you. The jelly hits you.
You are splashed with acid!
The jelly hits you.
You are splashed with acid!
The endoplasm hits you.
Casting: Foxfire (safe; 1% risk of failure)
Confirm with . or Enter, or press ? or * to list all spells.
Casting: Flame Wave (dangerous; 9% risk of failure)
Press: ? - help, Dir - look around, f - activate A wave of flame ripples out!
The flame wave engulfs the jelly!
You kill the jelly!
The flame wave engulfs the jelly!
The jelly is severely wounded.
The flame wave engulfs the endoplasm!
You kill the endoplasm! (Press . to intensify the flame waves.)
The jelly barely misses you.
You feel your dexterity returning.
There are no items here.
A wave of flame ripples out!
The flame wave engulfs the jelly!
The jelly is heavily wounded.
The flame wave engulfs the jelly!
You kill the jelly!
The jelly hits you.
* * * LOW HITPOINT WARNING * * *
You are splashed with acid!
* * * LOW HITPOINT WARNING * * *
A jelly comes into view.
Casting: Flame Wave (dangerous; 8% risk of failure)
Confirm with . or Enter, or press ? or * to list all spells.
You conjure some foxfire!
The jelly hits you.
* * * LOW HITPOINT WARNING * * *
You are splashed with acid!
You die...

##.# #.# #.J# #.# #.##
#.# #.# #.# #.# #.#
########.## #.#
#########.........#####.#
#......##......Jv.......#
#......##.......@.......#
#......##....#.v........#
#.)....##....#..........#
#......#.....+..........#
#......#.....#..........#
#......#.....#..........#
'......#.#####..........#
#......#†#####..........#
#......#......###########


You could see 2 jellies.

Vanquished Creatures
  A human (D:4)
  A water moccasin (D:5)
  Duvessa (D:5)
  An ice beast (D:6)
  A kobold brigand (D:6)
  A gnoll sergeant (D:5)
  A scorpion (D:5)
  Dowan (D:5)
  3 orc priests
  3 jellies (D:6)
  A human skeleton (D:4)
  4 iguanas
  Natasha (D:2)
  4 orc wizards
  3 gnolls (D:5)
  4 adders
  2 white imps
  3 dart slugs
  14 orcs
  9 ball pythons
  6 bats
  3 endoplasms
  4 giant cockroaches
  8 goblins
  7 hobgoblins
  4 jackals (D:1)
  2 quokkas (D:1)
  2 frilled lizards
  8 kobolds
  4 rats (D:1)
107 creatures vanquished.

Vanquished Creatures (collateral kills)
  A kobold (D:6)
1 creature vanquished.

Vanquished Creatures (others)
  617 foxfires
  7 fungi (D:6)
624 creatures vanquished.

Grand Total: 732 creatures vanquished

Notes
Turn   | Place    | Note
-------+----------+-------------------------------------------
     0 | D:1      | Hubjo the Deep Elf Fire Elementalist began the quest for
                  | the Orb.
     0 | D:1      | Reached XP level 1. HP: 10/10 MP: 6/6
   347 | D:1      | Found a faded altar of an unknown god.
   390 | D:1      | Reached XP level 2. HP: 16/16 MP: 0/8
   407 | D:1      | Prayed at the altar of an unknown god.
   407 | D:1      | Became a worshipper of Zin the Law-Giver
   407 | D:1      | Reached * piety under Zin
   664 | D:1      | Reached skill level 1 in Fighting
  1083 | D:1      | Reached XP level 3. HP: 20/20 MP: 1/9
  1697 | D:2      | Reached ** piety under Zin
  2295 | D:2      | Noticed Natasha
  2308 | D:2      | Killed Natasha
  2309 | D:2      | Reached XP level 4. HP: 26/26 MP: 7/11
  3225 | D:3      | Reached XP level 5. HP: 30/30 MP: 9/13
  3231 | D:3      | Learned a level 4 spell: Flame Wave
  3786 | D:4      | Found a staircase to the Ecumenical Temple.
  3813 | Temple   | Entered the Ecumenical Temple
  4024 | Temple   | Fell from the grace of Zin
  4024 | Temple   | Became a worshipper of the Shining One
  4024 | Temple   | Reached * piety under the Shining One
  4076 | D:4      | Found a runed translucent door.
  4076 | D:4      | Noticed a human
  4235 | D:4      | Found a basalt altar of Yredelemnul.
  4254 | D:4      | Reached XP level 6. HP: 24/36 MP: 0/14
  4312 | D:4      | Was placed under penance by the Shining One
  4318 | D:4      | Killed a human
  4319 | D:4      | Reached skill level 5 in Spellcasting
  4319 | D:4      | Reached skill level 5 in Fire Magic
  5172 | D:4      | Found a shimmering blue altar of Sif Muna.
  5242 | D:5      | Entered Level 5 of the Dungeon
  5255 | D:5      | Reached XP level 7. HP: 17/41 MP: 5/16
  5464 | D:5      | Found an iron altar of Okawaru.
  5922 | D:5      | Was forgiven by the Shining One
  6773 | D:5      | Found an opulent altar of Gozag.
  6775 | D:5      | Noticed Dowan
  6777 | D:5      | Noticed Duvessa
  6785 | D:5      | Killed Duvessa
  6786 | D:5      | Killed Dowan
  7159 | D:5      | Noticed a wyvern
  7391 | D:5      | Learned a level 5 spell: Fireball
  7455 | D:6      | Reached XP level 8. HP: 24/48 MP: 0/19
  7728 | D:6      | Reached skill level 5 in Conjurations
  7774 | D:6      | Identified the amulet "Qeimn" {Reflect Int+3 Slay+3 SH+5}
  7822 | D:6      | Noticed a slime creature
  7850 | D:6      | Splashed by a jelly's acid

Illustrated notes

Levels and vault maps discovered:
D:1:      dpeg_arrival_circle_labyrinth_a, layout_basic,
          chequers_ecumenical_altar_simple_redux
D:2:      layout_loops_cross, uniq_natasha
D:3:      layout_basic, minmay_misc_feat_encased
D:4:      layout_basic, nicolae_sif_muna_condensation, dk_yredelemnul_ordeal,
          minmay_temple_entry_water_ring, minmay_a_box_with_orc_wizards_in_it
D:5:      layout_basic, nicolae_overflow_crystal_walls,
          nicolae_gozag_cash_rules_everything_around_me, lightli_corner_chamber,
          uniq_duvessa
D:6:      lemuel_slime, layout_basic, grunt_ministairs_4
Temple:   nicolae_temple_great_sept

Skill      XL: |  1  2  3  4  5  6  7  8 |
---------------+-------------------------+-----
Fighting       | 1 2 3 |  3.9
Stealth        | 3 4 |  4.1
Spellcasting   | 4 5 6 |  6.5
Fire Magic     | 4 5 6 |  6.4
Conjurations   | 2 4 5 |  5.3
Dodging        | |  2.4

Action                   |  1- 3 |  4- 6 |  7- 9 || total
-------------------------+-------+-------+-------++-------
Melee: Unarmed           |     2 |     6 |     2 ||    10
 Cast: Foxfire           |   119 |   162 |    78 ||   359
       Flame Wave        |       |     1 |     6 ||     7
       Fireball          |       |       |     1 ||     1
Invok: Recite            |     1 |       |       ||     1
Evoke: Wand              |       |       |     4 ||     4
  Use: Scroll            |       |     3 |     5 ||     8
       Potion            |       |     1 |     3 ||     4
Armor: Robe              |     4 |     5 |     1 ||    10
       Skin              |     1 |       |       ||     1
Dodge: Dodged            |    10 |    16 |    22 ||    48

Table legend: (Time is in decaauts)
 A = Elapsed time spent in this place.
 B = Non-inter-level travel time spent in this place.
 C = Inter-level travel time spent in this place.
 D = Time resting spent in this place.
 E = Time spent auto-exploring this place.
 F = Levels seen in this place.
 G = Mean time per level.
                   A        B        C        D        E       F      G
               +--------+--------+--------+--------+--------+-----+--------+
         Total |   7855 |   7609 |    246 |    369 |   6230 |   7 | 1122.1 |
       Dungeon |   7630 |   7384 |    246 |    369 |   6081 |   6 | 1271.7 |
        Temple |    224 |    224 |      0 |      0 |    149 |   1 |  224.0 |
               +--------+--------+--------+--------+--------+-----+--------+

Top non-repeatable levels by time:
     D:5: 2157 daAuts
     D:1: 1678 daAuts
     D:4: 1239 daAuts
     D:3: 1201 daAuts
     D:2: 904 daAuts
     D:6: 449 daAuts
  Temple: 224 daAuts
